 Dungeon Crawl Stone Soup version 0.17-a0-1564-g7b572aa (webtiles) character file.

84729 mrath the Tortoise (level 15, -2/139 HPs)
             Began as a Minotaur Fighter on July 20, 2015.
             Was a High Priest of Okawaru.
             Killed from afar by Nikola (33 damage)
             ... with a chain lightning
             ... on level 2 of the Elven Halls on July 21, 2015.
             The game lasted 06:29:53 (33172 turns).

mrath the Tortoise (Minotaur Fighter)              Turns: 33172, Time: 06:29:53

Health: -2/139     AC: 43    Str: 26    XL:     15   Next: 36%
Magic:  20/20      EV:  6    Int: 18    God:    Okawaru [*****.]
Gold:   581        SH:  0    Dex: 11    Spells: 0 memorised, 14 levels left

rFire  . . .     SeeInvis .     a - +4 battleaxe of Izeyheab {freeze, rPois}
rCold  + . .     Clarity  +     X - +13 crystal plate armour "Padung" {rC+ Int+6}
rNeg   . . .     SustAt   .     (no shield)
rPois  +         Gourm    .     (helmet restricted)
rElec  .         Spirit   .     e - +0 cloak "Ykutic" {+Blink rPois MR- Int+7}
rCorr  .         Warding  .     g - +0 pair of gloves
rMut   .         Stasis   .     H - +0 pair of boots
MR     +....                    P - amulet of clarity
Stlth  ..........               h - ring of protection from magic
                                b - +2 ring of protection

@: drained, somewhat resistant to hostile enchantments, extremely unstealthy
A: retaliatory headbutt, horns 2
a: Heroism, Finesse, Renounce Religion, Evoke Blink


You were on level 2 of the Elven Halls.
You worshipped Okawaru.
Okawaru was extremely pleased with you.
You were not hungry.

You visited 5 branches of the dungeon, and saw 25 of its levels.

You collected 2186 gold pieces.
You spent 1605 gold pieces at shops.

Inventory:

Hand weapons
 a - the +4 battleaxe of Izeyheab (weapon) {freeze, rPois}
   (Okawaru gifted it to you on level 7 of the Lair of Beasts)

   It has been specially enchanted to freeze those struck by it, causing extra
   injury to most foes and up to half again as much damage against particularly
   susceptible opponents.
   It can also slow down cold-blooded creatures.
   It protects you from poison.
 j - a +0 demon whip
 s - a +3 flail of crushing
 B - a +4 mace of venom
 D - a +0 dire flail of holy wrath
 F - a +0 antimagic mace
Missiles
 x - 59 tomahawks (quivered)
 V - 8 poisoned tomahawks
Armour
 c - a +2 shield
 e - the +0 cloak "Ykutic" (worn) {+Blink rPois MR- Int+7}
   (You acquired it on level 8 of the Lair of Beasts)

   It affects your intelligence (+7).
   It protects you from poison.
   It affects your resistance to hostile enchantments.
   It lets you blink.
 g - a +0 pair of gloves (worn)
 H - a +0 pair of boots (worn)
 L - a +1 buckler of protection
 X - the +13 crystal plate armour "Padung" (worn) {rC+ Int+6}
   (Okawaru gifted it to you on level 1 of the Lair of Beasts)

   It affects your intelligence (+6).
   It protects you from cold.
Rods
 r - a +4 rod of destruction (13/13)
   (You bought it in a shop on level 4 of the Orcish Mines)
Jewellery
 b - a +2 ring of protection (left hand)
 d - an uncursed amulet of resist mutation
 h - a ring of protection from magic (right hand)
 p - an uncursed ring of protection from cold
 O - an uncursed amulet of stasis
 P - an amulet of clarity (around neck)
 S - an uncursed ring of sustain attributes
Magical devices
 G - a wand of fire (9)
 I - a wand of disintegration (6)
 R - a wand of confusion (22)
Scrolls
 f - 2 scrolls of remove curse
 i - 6 scrolls of teleportation
 k - 2 scrolls of identify
 m - 5 scrolls of recharging
 q - 4 scrolls of magic mapping
 z - a scroll of fear
 T - a scroll of enchant weapon
 U - 3 scrolls of blinking
Potions
 l - a potion of degeneration {unknown}
 n - 3 potions of curing
 t - 4 potions of cancellation
 u - 2 potions of haste
 w - a potion of experience {unknown}
 A - 3 potions of cure mutation
 E - 2 potions of lignification
 J - 2 potions of resistance
 M - 2 potions of brilliance
 N - a potion of flight {unknown}
 Q - a potion of heal wounds {unknown}
 W - a potion of agility
 Y - a potion of invisibility {unknown}
Miscellaneous
 o - a phial of floods
 v - a plain deck of summoning
 y - a phantom mirror
Comestibles
 C - 9 fruits
 K - 15 royal jellies
 Z - 10 meat rations


   Skills:
 + Level 14.8(14.2) Fighting
 + Level 15.0(14.4) Axes
 - Level 6.5(6.0) Throwing
 + Level 15.2(14.6) Armour
 - Level 15.1(14.5) Shields
 + Level 8.3(7.8) Evocations


You had 14 spell levels left.
You didn't know any spells.

Dungeon Overview and Level Annotations

Branches:
Dungeon (10/15)            Temple (1/1) D:7            Lair (8/8) D:10
 Shoals (0/4) Lair:3       Spider (0/4) Lair:4        Slime (0/6) Lair:8
    Orc (4/4) D:10            Elf (2/3) Orc:4

Altars:
Ashenzari
Cheibriados
Dithmenos
Elyvilon
Fedhas
Gozag
Kikubaaqudgha
Makhleb
Nemelex Xobeh
Okawaru
Qazlal
Ru
Sif Muna
Trog
Vehumet
Xom
Yredelemnul
Zin
The Shining One
Beogh
Jiyva

Shops:
D:10 *   Orc:3 (   Orc:4 }[*?   Elf:2 :%

Portals:
Pandemonium: Orc:4

Annotations:
D:6 1 runed door
Elf:2 Nikola


Innate Abilities, Weirdness & Mutations

You reflexively headbutt those who attack you in melee.
You have a pair of horns on your head.


Message History

You hear a shout! x4
The deep elf fighter mumbles some strange words.
The deep elf fighter blinks!
Nikola mumbles some strange words.
You hear a mighty clap of thunder!
The lightning arc hits you!
* * * LOW HITPOINT WARNING * * *
The lightning arc hits Nikola.
The lightning arc hits you!
The lightning arc hits Nikola.
The lightning arc hits you!
* * * LOW HITPOINT WARNING * * *
You hear a shout!
Evoke which item? (* to show all) (? for menu, Esc to quit)
Zapping:
I - a wand of disintegration (7)
Press: ? - help, Shift-Dir - straight line, f - Nikola
Aim: Nikola, wielding a rapier of electrocution, wearing a cloak and wearing a pair of gloves (lightly wounded, chance to defeat MR: 10%) Nikola resists with almost no effort.
This wand has 6 charges left.
Nikola casts a spell.
You hear a mighty clap of thunder!
The lightning arc hits you!
You die...

............##'...........
#..#.).#(.#.'.'#..........
(((.[..(.(.('(##..........
#..#...#..#['.'#..........
............##'.).........
##############............
#............ ###
#............ ..#
##.@....... .## ##........
##### ##@..#.... ....#
##...###... ....# #...##
#.. ....# ##...## ...
....# ##...#.... ....#
##e......... ....+
#...........


You could see Nikola and a deep elf fighter.

Vanquished Creatures
  A deep elf sorcerer (Elf:1)
  The ghost of patman the Carver, a powerful HaBe of Trog (Lair:8)
  Nessos (Orc:4)
  Snorg (Lair:4)
  Erolcha (D:10)
  10 hydras
  A catoblepas (Lair:8)
  4 dancing weapons (Elf:2)
  4 death yaks (Lair:8)
  A deep troll shaman (Lair:8)
  5 orc high priests (Orc:4)
  The ghost of urechis the Grappler, an experienced TrMo (Lair:1)
  7 deep elf knights
  A soul eater (Orc:4)
  An ice devil (Orc:4)
  An unseen horror (D:9)
  6 orc knights
  2 gelid demonspawn (Orc:4)
  2 deep elf summoners (Elf:2)
  A wizard (Elf:1)
  7 orc sorcerers (Orc:4)
  4 deep elf conjurers
  2 griffons (Lair:8)
  15 elephants (Lair:8)
  A rust devil (Orc:3)
  Maurice (Orc:4)
  11 spiny frogs
  Joseph (D:7)
  An octopode (shapeshifter) (Elf:2)
  2 komodo dragons
  7 black mambas
  A smoke demon (Orc:3)
  4 trolls
  A queen bee (Lair:6)
  3 deep elf priests (Elf:1)
  A tengu conjurer (Elf:1)
  A hellwing (Orc:4)
  3 polar bears
  4 merfolk (Lair:3)
  Prince Ribbit (D:8)
  4 two-headed ogres
  A boulder beetle (Lair:8)
  21 blink frogs
  A redback (Lair:4)
  A wyvern (D:8)
  10 deep elf magi
  5 hippogriffs
  37 yaks
  14 deep elf fighters
  A hungry ghost (D:10)
  2 basilisks
  8 porcupines
  9 water moccasins
  3 wargs
  12 wolves
  26 orc warriors
  A black bear (D:7)
  3 sky beasts
  An ice beast (D:9)
  A boggart (Elf:1)
  9 ogres
  4 phantoms
  3 centaurs
  19 crocodiles
  4 big kobolds
  A wyvern zombie (D:8)
  12 giant frogs
  A water moccasin zombie (D:7)
  4 scorpions
  The ghost of Rayvis the Chopper, a weakling MiFi (D:3)
  24 killer bees (Lair:6)
  5 wights (D:9)
  3 crimson imps
  An electric eel (Lair:5)
  3 jellies
  A human zombie (D:6)
  A centaur zombie (D:10)
  A centaur skeleton (D:7)
  A giant frog zombie (D:9)
  3 iguanas
  43 orc priests
  A giant frog skeleton (D:4)
  4 hounds
  32 orc wizards
  A quasit (D:10)
  8 worker ants
  15 sheep
  2 worker ant zombies
  15 gnolls
  75 river rats
  9 adders
  An adder zombie (D:5)
  2 adder skeletons
  4 worms
  3 giant geckos
  210 orcs
  2 ball pythons
  30 bats
  3 bat skeletons
  A bat zombie (D:6)
  20 goblins
  25 hobgoblins
  14 jackals
  5 giant cockroaches
  3 giant newts
  A goblin skeleton (D:6)
  17 kobolds
  2 quokkas
  29 rats
  2 bushes (Lair:6)
  23 fungi
  14 plants
1001 creatures vanquished.

Vanquished Creatures (others)
  A deep elf fighter (Elf:1)
  A river rat (Lair:8)
  A bush (Lair:8)
  57 fungi
  37 plants
97 creatures vanquished.

Grand Total: 1098 creatures vanquished

Notes
Turn   | Place    | Note
--------------------------------------------------------------
     0 | D:1      | mrath the Minotaur Fighter began the quest for the Orb.
     0 | D:1      | Reached XP level 1. HP: 19/19 MP: 0/0
   319 | D:1      | Reached XP level 2. HP: 27/27 MP: 1/1
   386 | D:1      | Reached skill level 4 in Armour
   976 | D:2      | Reached XP level 3. HP: 29/33 MP: 2/2
  1394 | D:2      | Found a burning altar of Makhleb.
  1899 | D:2      | Found a sacrificial altar of Ru.
  2111 | D:3      | Reached XP level 4. HP: 35/40 MP: 3/3
  2179 | D:3      | Noticed Rayvis's ghost (weakling MiFi)
  2198 | D:3      | Killed Rayvis's ghost
  2273 | D:3      | Reached XP level 5. HP: 47/47 MP: 4/4
  2281 | D:3      | Found a snail-covered altar of Cheibriados.
  2296 | D:3      | Found a blossoming altar of Fedhas.
  2339 | D:3      | Reached skill level 5 in Armour
  2734 | D:4      | Reached skill level 5 in Fighting
  2734 | D:4      | Reached skill level 5 in Shields
  2738 | D:4      | Reached XP level 6. HP: 42/56 MP: 5/5
  2984 | D:4      | Noticed a phantom
  3015 | D:4      | Killed a phantom
  3252 | D:4      | Reached skill level 5 in Axes
  3258 | D:4      | Reached XP level 7. HP: 56/61 MP: 6/6
  3263 | D:4      | Reached skill level 6 in Armour
  3547 | D:5      | Entered Level 5 of the Dungeon
  3786 | D:5      | Found a bloodstained altar of Trog.
  4195 | D:5      | Got a faintly glowing platinum ring
  4196 | D:5      | Identified the ring of Qafelef {+/*Tele +Blink Int+7} (You found it on level 5 of the Dungeon)
  4357 | D:6      | Found a runed door.
  4357 | D:6      | Noticed a human
  4379 | D:6      | Found a basalt altar of Yredelemnul.
  4444 | D:6      | Upgraded the game from 0.17-a0-1562-g9b2c768 to 0.17-a0-1564-g7b572aa
  4596 | D:6      | Reached skill level 7 in Armour
  4596 | D:6      | Reached XP level 8. HP: 61/71 MP: 7/7
  5790 | D:7      | Noticed an angel
  5791 | D:7      | Found a glowing silver altar of Zin.
  5795 | D:7      | Found a shimmering altar of Xom.
  5830 | D:7      | Found a staircase to the Ecumenical Temple.
  5858 | Temple   | Entered the Ecumenical Temple
  5899 | Temple   | Became a worshipper of Warmaster Okawaru
  6011 | D:7      | Reached skill level 8 in Armour
  6112 | D:7      | You fall through a shaft!
  6128 | D:8      | Reached XP level 9. HP: 79/79 MP: 8/8
  6194 | D:8      | Found a radiant altar of Vehumet.
  6634 | D:8      | Acquired Okawaru's first power
  6755 | D:8      | Reached skill level 9 in Armour
  7361 | D:7      | Noticed Joseph
  7402 | D:7      | Killed Joseph
  8072 | D:8      | Noticed Prince Ribbit
  8081 | D:8      | Killed Prince Ribbit
  8678 | D:8      | Noticed a two-headed hydra
  8687 | D:8      | Killed a two-headed hydra
  8687 | D:8      | Reached XP level 10. HP: 74/91 MP: 9/9
  8768 | D:9      | Got a bloodstained ring mail
  8787 | D:9      | Identified the +1 ring mail "Otown" {rCorr} (You found it on level 9 of the Dungeon)
  8853 | D:9      | Killed an unseen horror
  8853 | D:9      | Reached skill level 10 in Armour
  8947 | D:9      | Found a sparkling altar of Nemelex Xobeh.
  9414 | D:9      | Reached skill level 10 in Axes
  9427 | D:9      | Reached skill level 10 in Shields
  9431 | D:9      | Reached skill level 10 in Fighting
 10384 | D:10     | Entered Level 10 of the Dungeon
 10855 | D:10     | Found a staircase to the Orcish Mines.
 10938 | D:10     | Reached XP level 11. HP: 59/101 MP: 10/10
 11337 | D:10     | Reached skill level 11 in Armour
 11776 | D:10     | Found Juogunuu's Serpentskin Sales.
 11783 | D:10     | Acquired Okawaru's second power
 11843 | D:10     | Found a staircase to the Lair.
 11907 | Lair:1   | Entered Level 1 of the Lair of Beasts
 11916 | Lair:1   | Noticed urechis's ghost (experienced TrMo)
 11970 | Lair:1   | Killed urechis's ghost
 12639 | Lair:1   | Noticed a seven-headed hydra
 13205 | Lair:1   | Reached skill level 1 in Evocations
 13291 | Lair:1   | Received a gift from Okawaru
 13292 | Lair:1   | Got a distressingly furry crystal plate armour {god gift}
 13325 | Lair:1   | Identified the +13 crystal plate armour "Padung" {rC+ Int+6} (Okawaru gifted it to you on level 1 of the Lair of Beasts)
 13946 | Lair:2   | Noticed an eight-headed hydra
 14447 | Lair:2   | Reached skill level 12 in Armour
 14572 | Lair:2   | Reached XP level 12. HP: 109/111 MP: 11/13
 14863 | Lair:2   | Killed an eight-headed hydra
 14965 | Lair:2   | Noticed a five-headed hydra
 14984 | Lair:2   | Killed a five-headed hydra
 16445 | Lair:3   | Found a staircase to the Shoals.
 16674 | Lair:4   | Noticed an eight-headed hydra
 16683 | Lair:4   | Killed an eight-headed hydra
 16789 | Lair:4   | Noticed Snorg
 16806 | Lair:4   | Killed Snorg
 16806 | Lair:4   | Received a gift from Okawaru
 16883 | Lair:4   | Found a hole to the Spider Nest.
 16995 | Lair:4   | Noticed a four-headed hydra
 17006 | Lair:4   | Killed a four-headed hydra
 17006 | Lair:4   | Reached skill level 13 in Armour
 17302 | Lair:4   | Noticed a seven-headed hydra
 17309 | Lair:4   | Killed a seven-headed hydra
 17479 | Lair:5   | Found a frozen archway.
 17528 | Lair:5   | You fall through a shaft!
 17533 | Lair:6   | Reached skill level 5 in Evocations
 17562 | Lair:6   | Reached XP level 13. HP: 98/119 MP: 12/15
 17705 | Lair:6   | Noticed an eight-headed hydra
 17726 | Lair:6   | Killed a ten-headed hydra
 19382 | Lair:7   | Received a gift from Okawaru
 19393 | Lair:7   | Got a crude battleaxe {god gift}
 19400 | Lair:7   | Identified the +4 battleaxe of Izeyheab {freeze, rPois} (Okawaru gifted it to you on level 7 of the Lair of Beasts)
 19894 | Lair:8   | Entered Level 8 of the Lair of Beasts
 19974 | Lair:8   | Reached skill level 1 in Throwing
 20538 | Lair:8   | Identified a scroll of acquirement
 20545 | Lair:8   | Got a bloodstained cloak
 20551 | Lair:8   | Identified the +0 cloak "Ykutic" {+Blink rPois MR- Int+7} (You acquired it on level 8 of the Lair of Beasts)
 21315 | Lair:8   | Received a gift from Okawaru
 21621 | Lair:8   | Noticed patman's ghost (powerful HaBe)
 21771 | Lair:8   | Reached skill level 14 in Armour
 21924 | Lair:8   | Found a viscous altar of Jiyva.
 21925 | Lair:8   | Found a staircase to the Slime Pits.
 22047 | Lair:8   | Killed patman's ghost
 22286 | Lair:8   | Reached XP level 14. HP: 129/129 MP: 17/17
 22753 | Lair:8   | Received a gift from Okawaru
 23133 | Orc:1    | Entered Level 1 of the Orcish Mines
 23133 | Orc:1    | Found a roughly hewn altar of Beogh.
 23133 | Orc:1    | Noticed Erolcha
 23140 | D:10     | Killed Erolcha
 24416 | Orc:3    | Found Edwucio's Weapon Shoppe.
 25302 | Orc:4    | Entered Level 4 of the Orcish Mines
 25450 | Orc:4    | Noticed Nessos
 25947 | Orc:4    | Found an iron altar of Okawaru.
 26122 | Orc:4    | Found Watheqaf's Magic Scroll Emporium.
 26179 | Orc:4    | Reached skill level 5 in Throwing
 26247 | Orc:4    | Found Wuoc's General Store.
 26596 | Orc:4    | Found a staircase to the Elven Halls.
 27131 | Orc:4    | Killed Nessos
 27695 | Orc:4    | Noticed Maurice
 27703 | Orc:4    | Killed Maurice
 29275 | Orc:4    | Received a gift from Okawaru
 29718 | Orc:4    | Found Olirruz's Antique Armour Boutique.
 29718 | Orc:4    | Found a one-way gate leading to the halls of Pandemonium.
 29718 | Orc:4    | Found Foula's Gadget Shop.
 29886 | Orc:4    | Bought a +4 rod of destruction (13/13) for 1605 gold pieces
 29954 | Elf:1    | Entered Level 1 of the Elven Halls
 30481 | Elf:1    | Reached XP level 15. HP: 139/139 MP: 19/19
 30530 | Elf:1    | Noticed a deep elf sorcerer
 30540 | Elf:1    | Killed a deep elf sorcerer
 31200 | Elf:1    | Reached skill level 15 in Armour
 31371 | Elf:2    | Received a gift from Okawaru
 31647 | Elf:2    | Found Teogg's Food Shoppe.
 31751 | Elf:2    | Reached skill level 15 in Shields
 32040 | Elf:2    | Found a runed gate.
 32040 | Elf:2    | Found a runed gate.
 32040 | Elf:2    | Found a runed gate.
 32850 | Elf:2    | Found Quschy's Book Boutique.
 33124 | Elf:2    | Reached skill level 15 in Axes
 33159 | Elf:2    | Noticed Nikola
 33172 | Elf:2    | Killed from afar by Nikola

Vault maps used:
D:1:      evilmike_arrival_crescent
D:2:      lemuel_crystal_altar, nicolae_ru_path_of_blood
D:3:      grunt_temple_overflow_open, glass_columns_b
D:5:      first_bread, trog_book
D:6:      dk_yredelemnul_ordeal
D:7:      grunt_temple_overflow_order_and_chaos_1, minmay_temple_entry_trees,
          uniq_joseph
D:8:      lemuel_doored_altar, hangedman_ranch, uniq_prince_ribbit1
D:9:      nemelex_deck
D:10:     grunt_lair_entry_elf_guard_hut, orc_0_dummy, enter_bailey_7,
          guppyfry_shop_venom
Temple:   circular_temple_12
Lair:2:   st_stairs_5
Lair:3:   elwin_shoals_entry_stream, nicolae_volcano_entry_vermiform
Lair:4:   spider_nest_entry_rubble, st_stairs_8, patterned_corridor,
          bh_autumn_forest_stairs, uniq_snorg
Lair:5:   portal_ice_cave_entry_pillars_02, serial_bayou_lake_a,
          infiniplex_staircase_pool
Lair:6:   special_room, st_stairs_5, kennysheep_catoblepas_arena,
          serial_bayou_shore_b
Lair:8:   grunt_lair_end_beastmaster, slime_altar_1, serial_bayou_pond_c
Orc:1:    basic_altar, uniq_erolcha
Orc:3:    serial_shops, shop, nicolae_orc_pool_cavern
Orc:4:    pf_orc_diabolical, okawaru_metal_pillars_3, uniq_maurice, uniq_nessos
Elf:1:    hangedman_elf_disciples
Elf:2:    serial_shops, nicolae_shop_crystal, shop_fountains, shop,
          basic_stair_grate_trap, uniq_nikola

Action                   |  1- 3 |  4- 6 |  7- 9 | 10-12 | 13-15 || total
-------------------------+-------+-------+-------+-------+-------++-------
Melee: War axe           |   111 |   166 |   413 |   707 |       ||  1397
       Flail             |       |       |     7 |    80 |    49 ||   136
       Broad axe         |       |       |       |    50 |   111 ||   161
       Battleaxe         |       |       |       |       |  1039 ||  1039
       Blowgun           |       |       |       |       |    21 ||    21
       Dire flail        |       |       |       |       |    19 ||    19
 Fire: Blowgun           |       |       |       |    23 |    23 ||    46
       Longbow           |       |       |       |       |    29 ||    29
Throw: Stone             |     2 |       |    10 |     2 |       ||    14
       Javelin           |       |       |    29 |    47 |    40 ||   116
       Tomahawk          |       |       |       |       |   155 ||   155
Invok: Heroism           |       |       |       |     5 |    11 ||    16
       Finesse           |       |       |       |       |     5 ||     5
Evoke: Wand              |       |       |       |     2 |     4 ||     6
  Use: Scroll            |     3 |     3 |     8 |    27 |     9 ||    50
       Potion            |       |     1 |       |       |     5 ||     6
  Eat: Chunk             |     2 |     2 |    12 |    15 |    24 ||    55
       Bread ration      |     1 |       |     1 |       |     1 ||     3
       Pizza             |       |       |     1 |     8 |     1 ||    10
       Beef jerky        |       |       |       |     1 |     1 ||     2
       Royal jelly       |       |       |       |     1 |       ||     1
       Fruit             |       |       |       |       |    13 ||    13
       Meat ration       |       |       |       |       |     2 ||     2
